 Dungeon Crawl Stone Soup version 0.26-a0-665-gefeb406119 (webtiles) character file.

Game seed: 13321373106284001704

12173 reriks the Protected (level 11, -6/100 HPs)
             Began as a Deep Dwarf Fighter on Oct 15, 2020.
             Was an Elder of Makhleb.
             Mangled by a black mamba (7 damage)
             ... on level 2 of the Lair of Beasts.
             The game lasted 00:14:07 (6619 turns).

reriks the Protected (Deep Dwarf Fighter)           Turns: 6619, Time: 00:14:08

Health: -6/100     AC: 17    Str: 22    XL:     11   Next: 59%
Magic:  9/9        EV: 12    Int: 10    God:    Makhleb [****..]
Gold:   529        SH:  5    Dex: 18    Spells: 10/10 levels left

rFire    . . .     SeeInvis .   F - +12 executioner's axe of Compassion {flame, rC+ MP+9}
rCold    + . .     Faith    .   (shield currently unavailable)
rNeg     . . .     Spirit   .   r - +0 plate armour (curse)
rPois    +         Reflect  +   (no helmet)
rElec    .         Harm     .   p - +1 cloak
rCorr    .         Rampage  .   (no gloves)
MR       +....                  N - +0 pair of boots
Stlth    ..........             v - amulet of reflection
HPRegen  0.00/turn              i - +6 ring of dexterity
MPRegen  0.11/turn              x - ring "Mojoil" {Wiz rPois MP-9 Stlth+}

@: lethally poisoned (-6 -> -43), non-regenerating
A: damage resistance, heal wounds, sense surroundings 2, no regeneration
a: Heal Wounds, Minor Destruction, Lesser Servant of Makhleb, Major Destruction,
Renounce Religion


You were on level 2 of the Lair of Beasts.
You worshipped Makhleb.
Makhleb was greatly pleased with you.
You visited 3 branches of the dungeon, and saw 12 of its levels.
You also visited: Ossuary and Bailey.

You collected 577 gold pieces.
You spent 48 gold pieces at shops.

Inventory:

Hand Weapons
 a - a +1 war axe
 F - the +12 executioner's axe of Compassion (weapon) {flame, rC+ MP+9}
   (You found it in a bailey)

   It has been specially enchanted to burn those struck by it, causing extra
   injury to most foes and up to half again as much damage against particularly
   susceptible opponents.
   Big, fiery blades are also staple armaments of hydra-hunters.
   It protects you from cold.
   It affects your magic capacity (+9).
Missiles
 G - 14 javelins (quivered)
Armour
 b - a +0 scale mail
 c - a +0 kite shield
 p - a +1 cloak (worn)
 r - a cursed +0 plate armour (worn)
 N - a +0 pair of boots (worn)
Jewellery
 i - a +6 ring of dexterity (left hand)
 l - an uncursed amulet of magic regeneration
 v - an amulet of reflection (around neck)
 x - the ring "Mojoil" (right hand) {Wiz rPois MP-9 Stlth+}
   (You found it in an ossuary)

   [ring of wizardry]

   It improves your spell success rate.
   It protects you from poison.
   It affects your magic capacity (-9).
   It makes you more stealthy.
 M - an uncursed ring of resist corrosion
 O - an uncursed amulet of faith {unknown}
Wands
 k - a wand of flame (14)
 q - a wand of iceblast (15)
 s - a wand of polymorph (6)
 B - a wand of acid (5)
Scrolls
 e - 7 scrolls of immolation
 m - a scroll of fog {unknown}
 w - 2 scrolls of teleportation
 y - 6 scrolls of identify
 C - a scroll of acquirement {unknown}
 D - a scroll of fear
 E - 2 scrolls of amnesia
 I - a scroll of enchant armour
 L - a scroll of blinking
Potions
 d - a potion of might
 f - 2 potions of resistance
 g - 3 potions of stabbing
 h - 4 potions of mutation
 j - 3 potions of ambrosia
 n - 4 potions of degeneration
 o - a potion of heal wounds
 t - 2 potions of cancellation {unknown}
 u - 4 potions of flight
 z - 2 potions of haste {unknown}
 A - 5 potions of curing {unknown}
 H - 2 potions of berserk rage {unknown}
 J - a potion of lignification {unknown}
 K - a potion of invisibility {unknown}


   Skills:
 + Level 7.5 Fighting
 + Level 8.7 Axes
 + Level 3.2 Throwing
 + Level 9.0 Armour
 + Level 8.3 Dodging
 - Level 7.4 Shields
 + Level 7.4 Invocations
 + Level 7.4 Evocations


You had 10 spell levels left.
You didn't know any spells.
Your spell library contained the following spells:

 Spells                   Type           Power        Failure   Level
 Freeze                   Ice            #...         89%         1
 Confusing Touch          Hex            #.......     99%         3
 Frozen Ramparts          Ice            #.....       99%         3
 Gell's Gravitas          Tloc           #.........   99%         3
 Ozocubu's Armour         Ice            #.......     99%         3
 Hailstorm                Conj/Ice       #.......     100%        4
 Petrify                  Tmut/Erth      #.......     100%        4
 Summon Ice Beast         Ice/Summ       #.......     100%        4
 Metabolic Englaciation   Hex/Ice        #.........   100%        5
 Yara's Violent Unravell  Hex/Tmut       #.........   100%        5


Dungeon Overview and Level Annotations

Branches:
Dungeon (9/15)             Temple (1/1) D:4            Lair (2/6) D:9
Ossuary (visited)          Bailey (visited)
  Swamp: Lair:2-4    Shoals: Lair:2-4     Snake: Lair:2-4    Spider: Lair:2-4
    Orc: D:9-12

Altars:
Ashenzari
Cheibriados
Dithmenos
Elyvilon
Fedhas
Gozag
Hepliaklqana
Kikubaaqudgha
Makhleb
Nemelex Xobeh
Okawaru
Qazlal
Ru
Sif Muna
Trog
Uskayaw
Vehumet
Wu Jian
Xom
Yredelemnul
Zin
The Shining One

Shops:
D:7 *


Innate Abilities, Weirdness & Mutations

You are resistant to damage.
You can heal yourself by infusing magical energy.
You passively map the area around you.
You do not regenerate.


Message History

You slash the cane toad! You burn the cane toad.
You kill the cane toad!
Makhleb accepts your kill.
Your Armour skill increases to level 9!
You slash the black mamba! You burn the black mamba.
* * * LOW HITPOINT WARNING * * *
You feel very sick. The black mamba bites you!
* * * LOW HITPOINT WARNING * * *
The black mamba bites you but does no damage.
The black mamba bites you.
* * * LOW HITPOINT WARNING * * *
You are more poisoned.
The black mamba poisons you!
You closely miss the black mamba.
The black mamba is severely wounded.
* * * LOW HITPOINT WARNING * * *
You feel extremely sick. The black mamba bites you. The black mamba bites you!
You die...

, , , , , , *, ,
, , , , *,, * , *
<,, * **# , * ,,
..#*####* *## ,
** , , ,
*#..#.#.###P# ,,
* , ##....#....#
, ,
,#.....<.@S.#* ,
, , , ,,,
............# , ,
, ,
................
, ,
.................
, , ,,,
.............#...
, ,
...##......###
.., ,* , ..#
###.##.# . ##
###*.# , * * ,
*** , ,


You could see a black mamba.

Vanquished Creatures
  2 hydras (Lair:1)
  A two-headed ogre (D:9)
  3 death yaks
  A cane toad (Lair:2)
  A komodo dragon (Lair:1)
  A troll (D:9)
  4 blink frogs (Lair:1)
  3 yaks (D:9)
  A wyvern (D:8)
  Eustachio (D:5)
  2 water moccasins
  14 orc warriors
  A sky beast (D:8)
  A phantom (D:9)
  A necrophage (D:8)
  3 ice beasts
  2 eyes of draining (D:5)
  4 ogres
  11 centaurs
  A big kobold (D:9)
  Blork the orc (D:8)
  6 bullfrogs
  2 gnoll sergeants
  8 scorpions
  5 killer bees (D:9)
  4 wights
  4 human zombies (Ossuary)
  3 jellies
  5 orc priests
  6 hounds
  Ijyb (D:5)
  2 iguanas
  2 orc wizards
  4 hell rats (D:9)
  5 worker ants
  2 big kobold zombies (Ossuary)
  3 mummies (Ossuary)
  A howler monkey skeleton (D:4)
  A worker ant zombie (D:6)
  A river rat (D:9)
  4 scorpion zombies (Ossuary)
  8 adders
  10 gnolls
  2 shadow imps
  2 white imps
  2 ufetubi
  An adder skeleton (D:5)
  An adder zombie (D:5)
  2 worms
  3 dart slugs
  3 leopard geckos
  34 orcs
  A giant cockroach (D:4)
  11 goblins
  7 hobgoblins
  15 jackals
  7 quokkas
  A ball python (D:2)
  4 bats
  4 frilled lizards
  2 goblin zombies (Ossuary)
  2 hobgoblin zombies (Ossuary)
  14 kobolds
  4 kobold zombies (Ossuary)
  6 rats
274 creatures vanquished.

Vanquished Creatures (others)
  A fungus (Lair:2)
  A plant (Lair:2)
2 creatures vanquished.

Grand Total: 276 creatures vanquished

Notes
Turn   | Place    | Note
-------+----------+-------------------------------------------
     0 | D:1      | reriks the Deep Dwarf Fighter began the quest for the Orb.
     0 | D:1      | Reached XP level 1. HP: 20/20 MP: 1/1
    60 | D:1      | Reached XP level 2. HP: 18/27 MP: 2/2
   198 | D:1      | Reached skill level 1 in Dodging
   349 | D:1      | Reached XP level 3. HP: 11/34 MP: 3/3
   416 | D:2      | Found a sparkling altar of Nemelex Xobeh.
   526 | D:2      | Found an opulent altar of Gozag.
   767 | D:2      | Reached XP level 4. HP: 29/42 MP: 4/4
  1282 | D:3      | Reached skill level 4 in Armour
  1363 | D:3      | Reached XP level 5. HP: 29/49 MP: 5/5
  1640 | D:4      | Reached XP level 6. HP: 51/57 MP: 4/4
  1648 | D:4      | Found a staircase to the Ecumenical Temple.
  1656 | Temple   | Entered the Ecumenical Temple
  1669 | Temple   | Became a worshipper of Makhleb the Destroyer
  1724 | D:4      | Found a sand-covered staircase.
  1732 | Ossuary  | Entered an ossuary
  1884 | Ossuary  | Reached XP level 7. HP: 52/64 MP: 5/5
  1908 | Ossuary  | Reached skill level 5 in Shields
  1911 | Ossuary  | Reached skill level 5 in Armour
  1951 | Ossuary  | Got a warped lapis lazuli ring
  1987 | Ossuary  | Reached * piety under Makhleb
  2073 | D:4      | Identified the ring "Mojoil" {Wiz rPois MP-9 Stlth+} (You
                  | found it in an ossuary)
  2291 | D:4      | Found an ancient bone altar of Kikubaaqudgha.
  2389 | D:5      | Entered Level 5 of the Dungeon
  2442 | D:5      | Noticed Ijyb
  2463 | D:5      | Killed Ijyb
  2485 | D:5      | Reached skill level 5 in Axes
  2485 | D:5      | Reached XP level 8. HP: 64/73 MP: 0/6
  2592 | D:5      | Found a bloodstained altar of Trog.
  2648 | D:5      | Noticed Eustachio
  2652 | D:5      | Killed Eustachio
  2653 | D:5      | Reached skill level 5 in Fighting
  2653 | D:5      | Reached skill level 6 in Armour
  2666 | D:5      | Reached skill level 5 in Dodging
  3049 | D:6      | Reached ** piety under Makhleb
  3049 | D:6      | Reached skill level 1 in Invocations
  3049 | D:6      | Reached skill level 1 in Evocations
  3243 | D:6      | Gained mutation: You passively map the area around you.
                  | [Deep Dwarf growth]
  3243 | D:6      | Reached XP level 9. HP: 76/81 MP: 0/8
  3384 | D:6      | Found a stormy altar of Qazlal.
  3388 | D:6      | Found a radiant altar of Vehumet.
  3622 | D:7      | Found a flagged portal.
  3635 | Bailey   | Entered a bailey
  3953 | Bailey   | Reached skill level 7 in Armour
  3953 | Bailey   | Reached *** piety under Makhleb
  4212 | Bailey   | Got a steaming executioner's axe
  4218 | Bailey   | Identified the +12 executioner's axe of Compassion {flame,
                  | rC+ MP+9} (You found it in a bailey)
  4543 | D:7      | Reached XP level 10. HP: 80/91 MP: 9/9
  4752 | D:7      | Found Myedanapn's Assorted Antiques.
  4757 | D:7      | Bought a scroll of identify for 48 gold pieces
  5265 | D:8      | Noticed Blork the orc
  5272 | D:8      | Killed Blork the orc
  5296 | D:8      | Reached skill level 5 in Invocations
  5296 | D:8      | Reached skill level 5 in Evocations
  5485 | D:8      | Reached **** piety under Makhleb
  5509 | D:8      | Found a bloodstained altar of Trog.
  5509 | D:8      | Found a blossoming altar of Fedhas.
  5697 | D:9      | Noticed a two-headed ogre
  5707 | D:9      | Killed a two-headed ogre
  5707 | D:9      | Reached skill level 8 in Armour
  5734 | D:9      | Found a staircase to the Lair.
  5736 | D:9      | Noticed a death yak
  5736 | D:9      | Noticed a death yak
  5737 | D:9      | Noticed a death yak
  5788 | D:9      | Reached skill level 1 in Throwing
  5820 | D:7      | Killed a death yak
  5899 | D:9      | Killed a death yak
  5902 | D:9      | Killed a death yak
  5902 | D:9      | Reached XP level 11. HP: 100/100 MP: 8/8
  6009 | D:9      | Found a sacrificial altar of Ru.
  6330 | Lair:1   | Entered Level 1 of the Lair of Beasts
  6483 | Lair:1   | Noticed a four-headed hydra
  6483 | Lair:1   | Noticed a four-headed hydra
  6492 | Lair:1   | Killed a one-headed hydra
  6497 | Lair:1   | Killed a one-headed hydra
  6618 | Lair:2   | Reached skill level 9 in Armour
  6619 | Lair:2   | HP: 1/100 [poisoned by a black mamba]
  6619 | Lair:2   | Mangled by a black mamba

Illustrated notes

Levels and vault maps discovered:
D:1:      dpeg_arrival_three_same_balls, layout_rooms
D:2:      layout_basic, lemuel_coloured_pillars_altar,
          nemelex_xobeh_ov_fountains_minmay
D:3:      layout_basic
D:4:      layout_rooms, nicolae_overflow_hidden_temple,
          minmay_temple_entry_butterflies, chequers_ossuary_entry_cave
D:5:      layout_cave_pools, dk_noncrumbling_2, trog_eyes_of_draining,
          uniq_eustachio, uniq_ijyb
D:6:      minmay_inner_zag, layout_rooms, minitemple, kennysheep_crisscross,
          kennysheep_generic_room_2
D:7:      layout_loops_cross, serial_shops, shop_coins, serial_glass,
          glass_columns_a, glass_columns_b, enter_bailey_3,
          hangedman_minor_gate_pass
D:8:      layout_cave_pools, gammafunk_temple_overflow_wave, sword_in_stone
D:9:      layout_basic, nicolae_ru_path_of_blood, dpeg_lair_monsters,
          grunt_ministairs_5, minmay_holes
Temple:   minmay_freezing_vapour_temple
Lair:1:   layout_regular_city, st_stairs_3, grunt_megastairs_1,
          infiniplex_staircase_pool, uniq_urug
Lair:2:   layout_hall_layers, grunt_megastairs_3, uniq_nergalle

Skill      XL: |  1  2  3  4  5  6  7  8  9 10 11 |
---------------+----------------------------------+-----
Dodging        | 1 2 3 4 5 6 7 8 |  8.3
Fighting       | 3 4 5 6 7 |  7.5
Axes           | 3 4 5 6 8 |  8.7
Shields        | 4 5 6 7 |  7.4
Armour         | 4 5 6 7 8 9 |  9.0
Invocations    | 1 4 6 7 |  7.4
Evocations     | 1 4 6 7 |  7.4
Throwing       | 2 3 |  3.2

Action                   |  1- 3 |  4- 6 |  7- 9 | 10-12 || total
-------------------------+-------+-------+-------+-------++-------
Melee: War axe           |    88 |   182 |   430 |       ||   700
       Executioner's axe |       |       |     3 |   186 ||   189
Throw: Javelin           |       |       |       |     4 ||     4
 Abil: Heal Wounds       |     1 |     3 |     6 |     8 ||    18
Evoke: Wand              |       |       |    20 |     4 ||    24
  Use: Scroll            |       |     7 |    12 |       ||    19
       Potion            |       |       |     3 |     2 ||     5
Armor: Scale mail        |    50 |    13 |       |       ||    63
       Plate armour      |       |    69 |   199 |   131 ||   399
Dodge: Dodged            |    39 |    36 |   100 |   142 ||   317
Block: Kite shield       |    60 |   135 |   461 |       ||   656
       Reflection        |       |       |     7 |     1 ||     8
       Other             |       |       |     1 |    59 ||    60

Table legend: (Time is in decaauts)
 A = Elapsed time spent in this place.
 B = Non-inter-level travel time spent in this place.
 C = Inter-level travel time spent in this place.
 D = Time resting spent in this place.
 E = Time spent auto-exploring this place.
 F = Levels seen in this place.
 G = Mean time per level.
                   A        B        C        D        E       F      G
               +--------+--------+--------+--------+--------+-----+--------+
         Total |   6983 |   6765 |    218 |    150 |   4236 |  14 |  498.8 |
       Dungeon |   5352 |   5134 |    218 |     50 |   3547 |   9 |  594.7 |
        Temple |     18 |     18 |      0 |      0 |      0 |   1 |   18.0 |
          Lair |    310 |    310 |      0 |      0 |    211 |   2 |  155.0 |
       Ossuary |    383 |    383 |      0 |      0 |     77 |   1 |  383.0 |
        Bailey |    918 |    918 |      0 |    100 |    401 |   1 |  918.0 |
               +--------+--------+--------+--------+--------+-----+--------+

Top non-repeatable levels by time:
  Bailey: 918 daAuts
     D:7: 773 daAuts
     D:6: 719 daAuts
     D:3: 695 daAuts
     D:9: 615 daAuts
     D:8: 568 daAuts
     D:5: 545 daAuts
     D:2: 540 daAuts
     D:4: 459 daAuts
     D:1: 434 daAuts
 Ossuary: 383 daAuts
  Lair:1: 296 daAuts
  Temple: 18 daAuts
  Lair:2: 13 daAuts
